 Dungeon Crawl Stone Soup version 0.21-a0-329-g12f17e1 (webtiles) character file.

161 Monsterracer the Vexing (level 5, -8/41 HPs)
             Began as a Gnoll Arcane Marksman on Oct 1, 2017.
             Was an Initiate of Ashenzari.
             Killed by divine providence
             ... invoked by an orc priest
              (13 damage)
             ... on level 3 of the Dungeon.
             The game lasted 00:09:58 (3661 turns).

Monsterracer the Vexing (Gnoll Arcane Marksman)     Turns: 3661, Time: 00:09:59

Health: -8/41      AC:  7    Str: 14    XL:     5   Next: 42%
Magic:  9/9        EV: 13    Int: 15    God:    Ashenzari [......]
Gold:   70         SH:  4    Dex: 15    Spells: 3/10 levels left

rFire    . . .     SeeInvis .   a - +0 shortbow
rCold    . . .     Gourm    .   (shield currently unavailable)
rNeg     . . .     Faith    .   o - +0 ring mail
rPois    .         Spirit   .   (no helmet)
rElec    .         Reflect  +   (no cloak)
rCorr    +         Harm     .   k - +1 pair of gloves (curse)
MR       .....                  (no boots)
Stlth    ..........             j - +4 amulet of reflection (curse)
HPRegen  0.13/turn              l - ring of loudness (curse)
MPRegen  0.11/turn              p - ring of resist corrosion (curse)

@: no status effects
A: distributed training, fangs 1, strong nose
a: Curse Item, Renounce Religion


You were on level 3 of the Dungeon.
You worshipped Ashenzari.
Ashenzari was noncommittal.
You were not hungry.

You visited 1 branch of the dungeon, and saw 3 of its levels.

You collected 70 gold pieces.

Inventory:

Hand Weapons
 a - a +0 shortbow (weapon)
 b - a +1 dagger of pain
 w - a +1 hand axe of flaming
Missiles
 d - 16 arrows (quivered)
Armour
 k - a cursed +1 pair of gloves (worn)
 o - a +0 ring mail (worn)
Jewellery
 j - a cursed +4 amulet of reflection (around neck)
 l - a cursed ring of loudness (left hand)
 p - a cursed ring of resist corrosion (right hand)
Scrolls
 g - 4 scrolls of teleportation
 h - a scroll of identify
Potions
 c - a potion of mutation
 e - a potion of brilliance
 m - 2 potions of ambrosia
Comestibles
 f - 2 bread rations
 i - 2 fruits
 n - 2 meat rations


   Skills:
 + Level 3.0 Fighting
 + Level 1.4 Short Blades
 + Level 1.4 Long Blades
 + Level 1.4 Axes
 + Level 1.4 Maces & Flails
 + Level 1.4 Polearms
 + Level 1.4 Staves
 + Level 1.4 Slings
 + Level 4.8 Bows
 + Level 1.4 Crossbows
 + Level 1.4 Throwing
 + Level 1.4 Armour
 + Level 4.8 Dodging
 + Level 1.4 Stealth
   Level 0.0 Stabbing
 + Level 1.4 Shields
   Level 0.0 Traps
 + Level 1.4 Unarmed Combat
 + Level 3.1 Spellcasting
 + Level 1.4 Conjurations
 + Level 6.7 Hexes
 + Level 1.4 Charms
 + Level 1.4 Summonings
 + Level 1.4 Necromancy
 + Level 1.4 Translocations
 + Level 1.4 Transmutations
 + Level 1.4 Fire Magic
 + Level 1.4 Ice Magic
 + Level 1.4 Air Magic
 + Level 1.4 Earth Magic
 + Level 1.4 Poison Magic
 + Level 1.4 Invocations
 + Level 1.4 Evocations


You had 3 spell levels left.
You knew the following spells:

 Your Spells              Type           Power        Failure   Level  Hunger
b - Portal Projectile     Hex/Tloc       ##....       22%         3    ###....
c - Cause Fear            Hex            ###.......   26%         4    #####..


Dungeon Overview and Level Annotations

Branches:
Dungeon (3/15)

Altars:
Ashenzari


Innate Abilities, Weirdness & Mutations

Your experience applies equally to all skills.
You have very sharp teeth.
Your uncanny sense of smell can sniff out nearby items.


Message History

The orc closely misses you.
Firing (i - inventory):
d - 19 arrows (quivered)
Press: ? - help, Shift-Dir - straight line, f/p - orc
Aim: an orc, wielding a trident of flaming and wearing a ring mail (moderately wounded)
You shoot an arrow. The arrow hits the orc.
The orc is severely wounded.
You block the orc's attack.
Firing (i - inventory):
d - 18 arrows (quivered)
Press: ? - help, Shift-Dir - straight line, f/p - orc
Aim: an orc, wielding a trident of flaming and wearing a ring mail (severely wounded)
You shoot an arrow. The arrow barely misses the orc.
The arrow hits the orc priest but does no damage.
The orc priest is severely wounded.
You block the orc's attack.
The orc priest calls upon Beogh to heal the orc.
The orc's wounds heal themselves!
Firing (i - inventory):
d - 17 arrows (quivered)
Press: ? - help, Shift-Dir - straight line, f/p - orc
Aim: an orc, wielding a trident of flaming and wearing a ring mail You shoot an arrow.
The arrow hits the orc but does no damage.
The orc barely misses you.
The orc priest invokes the aid of Beogh against you.
Beogh smites you!
* * * LOW HITPOINT WARNING * * *
Huge Dmg: -17%(-7hp) hp: 10%(4hp) Unknown command.
The orc priest mumbles some strange prayers to Beogh against you.
Beogh smites you!
You die...

#..## .# #.......).
##..## ####.#
#.>.#####.
##..####....####.###
#. ##......## ##o..#
## #####...###..#.#
# #....#...K.##.# #
#....#.o#####.# #
#......(()(##K# #
#....@####....# #
#.....# ###..#
#<[..## #..# #....#
#.## #....# ###
#....# #....# ######


You could see an orc priest, an orc and a kobold.

Vanquished Creatures
  An orc priest (D:3)
  3 adders
  2 worms (D:3)
  2 dart slugs
  4 leopard geckos
  8 orcs
  3 giant cockroaches (D:2)
  8 goblins
  8 hobgoblins
  8 jackals
  2 quokkas (D:2)
  A ball python (D:3)
  5 bats
  6 frilled lizards
  11 kobolds
  9 rats
81 creatures vanquished.

Notes
Turn   | Place    | Note
-------+----------+-------------------------------------------
     0 | D:1      | Monsterracer the Gnoll Arcane Marksman began the quest for the Orb.
     0 | D:1      | Reached XP level 1. HP: 17/17 MP: 4/4
   159 | D:1      | HP: 8/17 [bat (1)]
   378 | D:1      | Reached XP level 2. HP: 17/23 MP: 5/5
   628 | D:1      | HP: 11/23 [frilled lizard (1)]
  1143 | D:1      | Reached XP level 3. HP: 23/28 MP: 7/7
  1148 | D:1      | Learned a level 3 spell: Portal Projectile
  1876 | D:2      | Found a shattered altar of Ashenzari.
  1892 | D:2      | Became a worshipper of Ashenzari the Shackled
  1948 | D:2      | Reached skill level 1 in Short Blades
  1948 | D:2      | Reached skill level 1 in Long Blades
  1948 | D:2      | Reached skill level 1 in Axes
  1948 | D:2      | Reached skill level 1 in Maces & Flails
  1948 | D:2      | Reached skill level 1 in Polearms
  1948 | D:2      | Reached skill level 1 in Staves
  1948 | D:2      | Reached skill level 1 in Slings
  1948 | D:2      | Reached skill level 1 in Crossbows
  1948 | D:2      | Reached skill level 1 in Throwing
  1948 | D:2      | Reached skill level 1 in Armour
  1948 | D:2      | Reached skill level 1 in Stealth
  1948 | D:2      | Reached skill level 1 in Shields
  1948 | D:2      | Reached skill level 1 in Unarmed Combat
  1948 | D:2      | Reached skill level 1 in Conjurations
  1948 | D:2      | Reached skill level 1 in Charms
  1948 | D:2      | Reached skill level 1 in Summonings
  1948 | D:2      | Reached skill level 1 in Necromancy
  1948 | D:2      | Reached skill level 1 in Translocations
  1948 | D:2      | Reached skill level 1 in Transmutations
  1948 | D:2      | Reached skill level 1 in Fire Magic
  1948 | D:2      | Reached skill level 1 in Ice Magic
  1948 | D:2      | Reached skill level 1 in Air Magic
  1948 | D:2      | Reached skill level 1 in Earth Magic
  1948 | D:2      | Reached skill level 1 in Poison Magic
  1948 | D:2      | Reached skill level 1 in Invocations
  1948 | D:2      | Reached skill level 1 in Evocations
  1960 | D:2      | Reached XP level 4. HP: 32/34 MP: 8/8
  2177 | D:2      | Learned a level 4 spell: Cause Fear
  2354 | D:2      | Found a faded altar of an unknown god.
  2735 | D:3      | HP: 17/34 [quokka (2)]
  2739 | D:3      | HP: 6/34 [orc priest/divine providence (12)]
  3162 | D:3      | Reached XP level 5. HP: 36/40 MP: 9/9
  3640 | D:3      | HP: 13/41 [orc priest/divine providence (17)]
  3649 | D:3      | HP: 4/41 [orc priest/divine providence (7)]
  3661 | D:3      | Killed from afar by an orc priest

Vault maps used:
D:1:      minmay_arrival_stair_chambers, minmay_pentomino_s2
D:2:      old_standard_altar, chequers_ecumenical_altar_grove
D:3:      first_bread

Skill      XL: |  1  2  3  4  5 |
---------------+----------------+-----
Short Blades   | 1 |  1.4
Long Blades    | 1 |  1.4
Axes           | 1 |  1.4
Maces & Flails | 1 |  1.4
Polearms       | 1 |  1.4
Staves         | 1 |  1.4
Slings         | 1 |  1.4
Crossbows      | 1 |  1.4
Throwing       | 1 |  1.4
Armour         | 1 |  1.4
Stealth        | 1 |  1.4
Shields        | 1 |  1.4
Unarmed Combat | 1 |  1.4
Conjurations   | 1 |  1.4
Charms         | 1 |  1.4
Summonings     | 1 |  1.4
Necromancy     | 1 |  1.4
Translocations | 1 |  1.4
Transmutations | 1 |  1.4
Fire Magic     | 1 |  1.4
Ice Magic      | 1 |  1.4
Air Magic      | 1 |  1.4
Earth Magic    | 1 |  1.4
Poison Magic   | 1 |  1.4
Invocations    | 1 |  1.4
Evocations     | 1 |  1.4
Spellcasting   | 3 |  3.1
Fighting       | 3 |  3.0
Bows           | |  4.8
Dodging        | |  4.8
Hexes          | |  6.7

Action                   |  1- 3 |  4- 6 || total
-------------------------+-------+-------++-------
Melee: Unarmed           |    34 |       ||    34
       Dagger            |   124 |   187 ||   311
       Club              |    22 |       ||    22
       Bite              |    13 |    19 ||    32
       Punch             |       |     1 ||     1
 Fire: Shortbow          |    29 |    17 ||    46
Invok: Curse Item        |       |     3 ||     3
  Use: Scroll            |     2 |     6 ||     8
 Stab: Sleeping          |     2 |       ||     2
  Eat: Chunk             |     3 |     6 ||     9
Armor: Robe              |     7 |       ||     7
       Leather armour    |    23 |       ||    23
       Ring mail         |     9 |    52 ||    61
Dodge: Dodged            |   166 |   123 ||   289
Block: Other             |       |    30 ||    30

Table legend:
 A = Spawn XP
 B = Non-spawn XP
 C = Spawn XP percentage of total XP
 D = Spawn monster count
 E = Non-spawn monster count
 F = Spawn count percentage of total count
 G = Total turns spent on level
                    A         B        C        D         E        F      G
               +---------+---------+-------+---------+---------+-------+---------
         Total |       0 |     231 |   0.0 |       0 |      81 |   0.0 |  3661
               +---------+---------+-------+---------+---------+-------+---------
           D:1 |       0 |      50 |   0.0 |       0 |      29 |   0.0 |  1611
           D:2 |       0 |      80 |   0.0 |       0 |      30 |   0.0 |  1424
           D:3 |       0 |     101 |   0.0 |       0 |      22 |   0.0 |   626
               +---------+---------+-------+---------+---------+-------+---------

Vault maps used:
D:1:      minmay_arrival_stair_chambers, minmay_pentomino_s2
D:2:      old_standard_altar, chequers_ecumenical_altar_grove
D:3:      first_bread
